 Dungeon Crawl Stone Soup version 0.21.1-1-g345015f (webtiles) character file.

1508 relionnb the Slasher (level 8, 0/63 HPs)
             Began as a Yellow Draconian Transmuter on Mar 3, 2018.
             Was a Priest of Nemelex Xobeh.
             Slain by an orc warrior
             ... wielding a +0 glaive
              (21 damage)
             ... on level 7 of the Dungeon.
             The game lasted 01:11:51 (8449 turns).

relionnb the Slasher (Yellow Draconian Transmuter)  Turns: 8449, Time: 01:11:52

Health: 0/63       AC:  8    Str: 14    XL:     8   Next: 53%
Magic:  11/11      EV: 14    Int: 13    God:    Nemelex Xobeh [***...]
Gold:   325        SH:  0    Dex: 13    Spells: 5/11 levels left

rFire    . . .     SeeInvis .   h - +0 great sword
rCold    . . .     Gourm    .   (shield currently unavailable)
rNeg     . . .     Faith    .   (armour unavailable)
rPois    .         Spirit   .   (helmet restricted)
rElec    .         Reflect  .   o - +0 cloak
rCorr    +         Harm     .   (no gloves)
MR       .....                  (no boots)
Stlth    ++........             (no amulet)
HPRegen  0.20/turn              C - +1 ring of protection
MPRegen  0.12/turn              (no ring)

@: no status effects
A: spit acid, acid resistance, unfitting armour, stinger 1, mutation resistance
1, cold-blooded, AC +6
a: Breathe Acid, Triple Draw, Renounce Religion


You were on level 7 of the Dungeon.
You worshipped Nemelex Xobeh.
Nemelex Xobeh was most pleased with you.
You were not hungry.

You visited 2 branches of the dungeon, and saw 8 of its levels.

You collected 325 gold pieces.

Inventory:

Hand Weapons
 h - a +0 great sword (weapon)
 j - a +0 giant club
 p - a +0 hunting sling
 q - a +1 blowgun
 w - a +1 trident of protection
 z - the +1 falchion of Surum {venom, rC+ Str+4}
   (You found it on level 4 of the Dungeon)

   It poisons the flesh of those it strikes.
   It affects your strength (+4).
   It protects you from cold.
 A - a +0 shortbow
 F - a +2 whip of flaming
 J - a +2 quarterstaff of chaos
Missiles
 a - 66 arrows
 e - 172 sling bullets
 g - 181 stones
 k - 62 bolts
 s - 13 poisoned needles (quivered)
Armour
 f - a scarf of cloud immunity
 o - a +0 cloak (worn)
 E - a +0 animal skin
 K - a +0 cloak
Jewellery
 C - a +1 ring of protection (left hand)
Wands
 B - a wand of polymorph (10)
Scrolls
 i - 3 scrolls of teleportation
 r - a scroll of noise {unknown}
 x - a scroll of enchant weapon
 D - a scroll of amnesia
 G - a scroll of magic mapping {unknown}
 I - a scroll of immolation {unknown}
Potions
 m - a potion of brilliance
 v - a potion of lignification {unknown}
Books
 b - a book of Changes

   Spells                             Type                      Level
   a - Beastly Appendage              Transmutation                1
   b - Sticks to Snakes               Transmutation                2
   c - Spider Form                    Transmutation/Poison         3
   d - Ice Form                       Ice/Transmutation            4
   e - Blade Hands                    Transmutation                5
Miscellaneous
 d - a legendary deck of summoning {drawn: 4}
 l - a legendary deck of summoning {drawn: 7}
 n - a plain deck of escape {drawn: 1}
 t - a plain deck of destruction {drawn: 6}
 u - an ornate deck of destruction {drawn: 3}
 y - a plain deck of summoning {drawn: 2}
 H - a plain deck of destruction
 L - a plain deck of destruction
Comestibles
 c - 4 rations


   Skills:
 + Level 3.0 Fighting
 * Level 6.6 Long Blades
 + Level 4.1 Dodging
 + Level 3.0 Stealth
 + Level 5.9 Unarmed Combat
 + Level 2.3 Spellcasting
 + Level 2.3 Transmutations
 + Level 1.5 Invocations


You had 5 spell levels left.
You knew the following spells:

 Your Spells              Type           Power        Failure   Level  Hunger
a - Beastly Appendage     Tmut           #.....       10%         1    #......
b - Sticks to Snakes      Tmut           #.......     14%         2    ###....
c - Spider Form           Tmut/Pois      #.........   43%         3    ###....


Dungeon Overview and Level Annotations

Branches:
Dungeon (7/15)             Temple (1/1) D:5

Altars:
Ashenzari
Cheibriados
Dithmenos
Elyvilon
Gozag
Hepliaklqana
Nemelex Xobeh
Okawaru
Qazlal
Ru
Sif Muna
Trog
Uskayaw
Vehumet
Wu Jian
Xom
Yredelemnul
The Shining One


Innate Abilities, Weirdness & Mutations

You can spit globs of acid.
You are resistant to acid.
Your golden yellow scales are hard. (AC +6)
You cannot fit into any form of body armour.
You are cold-blooded and may be slowed by cold attacks.
Your tail ends in a poisonous barb.
You are somewhat resistant to further mutation.


Message History

The leopard gecko zombie bites you but does no damage.
You slash the leopard gecko zombie!
You destroy the leopard gecko zombie!
HP restored.
An orc comes into view. It is wielding a mace.
The orc shouts!
You hear a shout!
An orc warrior comes into view. It is wielding a glaive.
An orc wizard comes into view. It is wielding a dagger.
An orc comes into view. It is wielding a club.
The orc warrior hits you from afar with a glaive!
The orc warrior hits you with a glaive!!
The orc closely misses you.
The orc shouts!
The orc wizard shouts!
The orc warrior closely misses you.
You closely miss the orc. You tail-slap the orc.
The orc is poisoned.
The orc is moderately wounded.
The orc barely misses you.
The orc warrior hits you from afar with a glaive!!
You die...
Your body disappears without a glow.

############
.......@oo.###
##########...#
###########o########
......o.o.o........####
.....#
######..o..............
.....#
#...........#.####
.....# #...........#.#
.....# #...........#.#
.....#
#...........#.####


You could see an orc warrior, an orc wizard and an orc.

Vanquished Creatures
  A sky beast (D:6)
  An ogre (D:7)
  3 bullfrogs (D:6)
  2 jellies
  3 crimson imps (D:6)
  A hound (D:4)
  2 quasits (D:5)
  An iguana (D:7)
  Natasha (thrice) (D:3)
  A worker ant (D:6)
  A hound skeleton (D:4)
  A worker ant zombie (D:5)
  9 adders
  An ooze (D:4)
  2 adder zombies
  A worm (D:3)
  A dart slug (D:1)
  3 leopard geckos
  6 orcs
  A giant cockroach (D:1)
  6 goblins
  16 hobgoblins
  2 quokkas
  7 bats
  4 frilled lizards
  A jackal zombie (D:5)
  9 kobolds
  A leopard gecko skeleton (D:6)
  A leopard gecko zombie (D:7)
  9 rats
  2 fungi (D:6)
102 creatures vanquished.

Vanquished Creatures (collateral kills)
  Pikel (D:6)
  A slave (D:6)
  An ice beast (D:4)
  2 ogres
  A scorpion (D:5)
  An orc priest (D:4)
  Crazy Yiuf (D:6)
  2 orc wizards (D:4)
  2 worker ants (D:5)
  4 gnolls (D:6)
  4 orcs (D:4)
20 creatures vanquished.

Vanquished Creatures (others)
  A crimson imp (D:6)
1 creature vanquished.

Grand Total: 123 creatures vanquished

Notes
Turn   | Place    | Note
-------+----------+-------------------------------------------
     0 | D:1      | relionnb the Draconian Transmuter began the quest for the Orb.
     0 | D:1      | Reached XP level 1. HP: 16/16 MP: 3/3
   335 | D:1      | Reached XP level 2. HP: 22/23 MP: 5/5
   985 | D:2      | Reached XP level 3. HP: 25/28 MP: 6/6
  1138 | D:2      | Found a sparkling altar of Nemelex Xobeh.
  1148 | D:2      | Became a worshipper of Nemelex Xobeh the Trickster
  1230 | D:2      | Received a gift from Nemelex Xobeh
  1231 | D:2      | Found a bloodstained altar of Trog.
  1412 | D:2      | Found a stormy altar of Qazlal.
  1412 | D:2      | Found an opulent altar of Gozag.
  1429 | D:2      | Reached skill level 1 in Stealth
  1625 | D:2      | Found a radiant altar of Vehumet.
  1632 | D:2      | Found a faded altar of an unknown god.
  1634 | D:2      | Found a faded altar of an unknown god.
  1958 | D:3      | Reached XP level 4. HP: 31/35 MP: 7/7
  2481 | D:3      | Noticed Natasha
  2497 | D:3      | Killed Natasha
  2627 | D:3      | Noticed Natasha
  2644 | D:3      | Killed Natasha
  2644 | D:3      | Reached XP level 5. HP: 26/40 MP: 8/8
  2653 | D:3      | Reached skill level 5 in Unarmed Combat
  2683 | D:3      | Reached * piety under Nemelex Xobeh
  2858 | D:3      | Noticed Natasha
  2869 | D:3      | Killed Natasha
  3057 | D:3      | Found a basalt altar of Yredelemnul.
  3158 | D:3      | Found a white marble altar of Elyvilon.
  3207 | D:3      | Received a gift from Nemelex Xobeh
  3300 | D:3      | Learned a level 2 spell: Sticks to Snakes
  3554 | D:4      | Received a gift from Nemelex Xobeh
  3643 | D:4      | Found a shattered altar of Ashenzari.
  3750 | D:4      | Reached ** piety under Nemelex Xobeh
  3988 | D:4      | Found an iron altar of Okawaru.
  4004 | D:4      | Got an ancient falchion
  4014 | D:4      | Identified the cursed +1 falchion of Surum {venom, rC+ Str+4} (You found it on level 4 of the Dungeon)
  4264 | D:4      | Received a gift from Nemelex Xobeh
  4268 | D:4      | Noticed a reaper
  4274 | D:4      | Gained mutation: Your tail ends in a poisonous barb. [potion of mutation]
  4274 | D:4      | Gained mutation: You tend to lose your temper in combat. [potion of mutation]
  4274 | D:4      | Lost mutation: You tend to lose your temper in combat. [potion of mutation]
  4274 | D:4      | Gained mutation: You are somewhat resistant to further mutation. [potion of mutation]
  4406 | D:4      | Reached XP level 6. HP: 48/48 MP: 9/9
  4643 | D:4      | Noticed an ice beast
  4643 | D:4      | an ogre changed into an ice beast
  4645 | D:4      | Killed an ice beast
  4883 | D:4      | Found a bloodstained altar of Trog.
  5116 | D:5      | Entered Level 5 of the Dungeon
  5116 | D:5      | Found a staircase to the Ecumenical Temple.
  5125 | Temple   | Entered the Ecumenical Temple
  5730 | D:5      | Reached skill level 1 in Long Blades
  5754 | D:5      | Noticed a sky beast
  5860 | D:5      | a sky beast changed into an ogre
  5863 | D:5      | Reached skill level 2 in Long Blades
  6137 | D:5      | Reached *** piety under Nemelex Xobeh
  6137 | D:5      | Received a gift from Nemelex Xobeh
  6300 | D:5      | Your scales start taking on a golden yellow colour.
  6300 | D:5      | Reached XP level 7. HP: 53/55 MP: 10/10
  6440 | D:6      | Reached skill level 3 in Long Blades
  6440 | D:6      | Reached skill level 1 in Invocations
  6807 | D:6      | Reached skill level 4 in Long Blades
  7015 | D:6      | Found a hazy altar of Hepliaklqana.
  7015 | D:6      | Received a gift from Nemelex Xobeh
  7123 | D:6      | Reached skill level 5 in Long Blades
  7123 | D:6      | Reached XP level 8. HP: 51/62 MP: 11/11
  7241 | D:6      | Got a slimy ring mail
  7288 | D:6      | Noticed Pikel
  7313 | D:6      | Killed Pikel
  7313 | D:6      | Reached skill level 6 in Long Blades
  7465 | D:6      | Received a gift from Nemelex Xobeh
  7905 | D:6      | Found a runed door.
  7909 | D:6      | Noticed Crazy Yiuf
  7915 | D:6      | Killed Crazy Yiuf
  8126 | D:7      | Found a basalt altar of Yredelemnul.
  8143 | D:7      | Received a gift from Nemelex Xobeh
  8358 | D:7      | Learned a level 3 spell: Spider Form
  8449 | D:7      | Slain by an orc warrior

Skill      XL: |  1  2  3  4  5  6  7  8 |
---------------+-------------------------+-----
Dodging        | 2 3 4 |  4.1
Unarmed Combat | 4 5 |  5.9
Stealth        | 1 2 3 |  3.0
Fighting       | 2 3 |  3.0
Long Blades    | 2 5 6 |  6.6
Invocations    | 1 |  1.5
Spellcasting   | |  2.3
Transmutations | |  2.3

Action                   |  1- 3 |  4- 6 |  7- 9 || total
-------------------------+-------+-------+-------++-------
Melee: Unarmed           |   149 |   109 |       ||   258
       Tailslap          |    12 |    16 |    16 ||    44
       Punch             |     2 |     4 |     2 ||     8
       Falchion          |       |    51 |    46 ||    97
       Great sword       |       |       |    70 ||    70
 Cast: Beastly Appendage |       |     2 |     1 ||     3
 Abil: Breathe Acid      |       |       |     2 ||     2
Evoke: Deck              |     1 |    11 |    11 ||    23
  Use: Scroll            |     4 |     8 |     2 ||    14
       Potion            |       |     6 |     5 ||    11
 Stab: Sleeping          |     1 |     2 |     1 ||     4
  Eat: Chunk             |     3 |     3 |     2 ||     8
       Ration            |       |     4 |     1 ||     5
Armor: Skin              |    50 |    63 |    38 ||   151
Dodge: Dodged            |   108 |   128 |    69 ||   305
       Rpst.: Falchion   |       |    17 |     6 ||    23
       Great sword       |       |       |    10 ||    10
